 Dungeon Crawl Stone Soup version 0.18.1-50-g88ac8fd (webtiles) character file.

54 Aleksmastering the Poker (level 4, -1/34 HPs)
             Began as a Human Warper on Sept 16, 2016.
             Slain by a goblin
             ... wielding a +0 dagger
             ... led by Robin
              (6 damage)
             ... on level 2 of the Dungeon.
             The game lasted 00:14:20 (1366 turns).

Aleksmastering the Poker (Human Warper)             Turns: 1366, Time: 00:14:24

Health: -1/34      AC:  5    Str: 10 (12) XL:     4   Next: 12%
Magic:  7/7        EV: 11    Int: 10 (13) God:
Gold:   30         SH:  0    Dex: 12 (13) Spells: 1 memorised, 6 levels left

rFire  . . .     SeeInvis .     a - +0 spear
rCold  . . .     Gourm    .     b - +0 leather armour
rNeg   . . .     Faith    .     (no shield)
rPois  .         Spirit   .     (no helmet)
rElec  .         Dismiss  .     (no cloak)
rCorr  .         Reflect  .     p - +0 pair of gloves
SustAt .         Harm     .     o - +0 pair of boots
MR     .....                    (no amulet)
Stlth  +.........               (no ring)
                                (no ring)

@: about to teleport, not resistant to hostile enchantments, very unstealthy
A: no striking features
a: no special abilities


You were on level 2 of the Dungeon.
You were hungry.

You visited 1 branch of the dungeon, and saw 2 of its levels.

You collected 30 gold pieces.

Inventory:

Hand Weapons
 a - a +0 spear (weapon)
 r - a +0 club
Missiles
 e - 2 tomahawks of dispersal
 h - a stone (quivered)
Armour
 b - a +0 leather armour (worn)
 j - a +0 shield
 o - a +0 pair of boots (worn)
 p - a +0 pair of gloves (worn)
Scrolls
 d - a scroll of blinking
 m - a scroll of magic mapping
 q - a scroll of identify {unknown}
Potions
 g - a potion of degeneration
Books
 c - a book of Spatial Translocations

   Spells                             Type                      Level
   a - Apportation                    Translocation                1
   b - Blink                          Translocation                2
   c - Shroud of Golubria             Charms/Translocation         2
   d - Portal Projectile              Translocation                3
   e - Teleport Other                 Translocation                3
   f - Passage of Golubria            Translocation                4
Comestibles
 f - a bread ration
 i - a chunk of flesh


   Skills:
 + Level 2.8 Fighting
 + Level 3.1 Polearms
 - Level 1.0 Throwing
 - Level 1.0 Armour
 - Level 2.0 Dodging
 + Level 2.4 Spellcasting
 - Level 3.0 Translocations


You had 6 spell levels left.
You knew the following spells:

 Your Spells              Type           Power        Failure   Level  Hunger
a - Apportation           Tloc           #.........   14%         1    ##.....


Dungeon Overview and Level Annotations

Branches:
Dungeon (2/15)

Altars:
Cheibriados

Annotations:
D:2 Robin


Message History

The goblin hits you. The goblin hits you with a club.
Robin roars a battlecry!
The goblins go into a battle-frenzy!
The goblin hits you with a dagger.
As you read the scroll labeled YFOSKI TOPRIACEU, it crumbles to dust.
You hear a loud clanging noise!
It was a scroll of noise.
The goblin closely misses you. The goblin hits you. The goblin misses you.
As you read the scroll labeled INUD GIUNENIO, it crumbles to dust.
You feel strangely unstable.
It was a scroll of teleportation.
The goblin completely misses you. The goblin hits you.
* * * LOW HITPOINT WARNING * * *
The goblin completely misses you. The goblin misses you.
As you read the scroll labeled XENTEUFIURR, it crumbles to dust.
You feel blessed for a moment.
It was a scroll of remove curse.
Robin hits you from afar with a spear of piercing.
* * * LOW HITPOINT WARNING * * *
x2 The goblin hits you but does no damage.
The goblin barely misses you. The goblin hits you but does no damage.
The goblin hits you with a dagger.
You die...

############
#........#....
#........>....
#.$......##.#
#ggg.........
#@gg.g....###.
#gggg.........
#ggg.....##
#.......##
#.......#
#.......#
#.......#
#########


You could see Robin, 3 hobgoblins and 9 goblins.

Vanquished Creatures
  An adder (D:2)
  3 dart slugs
  2 giant geckos (D:1)
  4 giant cockroaches
  2 hobgoblins (D:1)
  4 jackals (D:1)
  3 kobolds (D:1)
  A ball python (D:1)
  8 bats (D:1)
  A giant newt (D:1)
  3 goblins (D:1)
  3 rats (D:1)
35 creatures vanquished.

Notes
Turn   | Place    | Note
--------------------------------------------------------------
     0 | D:1      | Aleksmastering the Human Warper began the quest for the Orb.
     0 | D:1      | Reached XP level 1. HP: 16/16 MP: 3/3
   209 | D:1      | Reached XP level 2. HP: 8/22 MP: 5/5
   772 | D:1      | Reached XP level 3. HP: 24/28 MP: 6/6
   873 | D:1      | Found a snail-covered altar of Cheibriados.
  1342 | D:2      | Reached XP level 4. HP: 25/34 MP: 7/7
  1357 | D:2      | Noticed Robin
  1366 | D:2      | Slain by a goblin

Skill      XL: |  1  2  3 |
---------------+----------+-----
Polearms       | 3 |  3.1
Fighting       | |  2.8
Throwing       | |  1.0
Armour         | |  1.0
Dodging        | |  2.0
Spellcasting   | |  2.4
Translocations | |  3.0

Action                   |  1- 3 |  4- 6 || total
-------------------------+-------+-------++-------
Melee: Spear             |   135 |       ||   135
Throw: Stone             |    38 |       ||    38
       Tomahawk          |     3 |       ||     3
  Use: Potion            |     2 |       ||     2
       Scroll            |     1 |     4 ||     5
  Eat: Chunk             |     1 |       ||     1
Armor: Leather armour    |    34 |     4 ||    38
Dodge: Dodged            |    85 |    11 ||    96
